[Event "Chessable Masters - Torneo preliminare"]
[White "Ponkratov, Pavel"]
[Black "Flores, Diego"]
[WhiteFideId "4157800"]
[BlackFideId "108049"]
[WhiteElo "2586"]
[BlackElo "2598"]
[Result "1/2-1/2"]
[Round "1"]
[TimeControl "600+2"]
[Date "2023.03.13"]
[WhiteClock "0:03:49"]
[BlackClock "0:00:16"]

1. d4 Nf6 2. c4 e6 3. Nc3 d5 4. cxd5 exd5 5. Bg5 c6 6. e3 h6 7. Bh4 Be7 8. Bd3 O-O 9. Nge2 Re8 10. O-O Nbd7 11. f3 b5 12. Rc1 Bb7 13. Bf2 Rc8 14. Ng3 b4 15. Nce2 c5 16. dxc5 Bxc5 17. Nf5 Ne5 18. Bb5 Re6 19. Ned4 Rb6 20. Be2 Qd7 21. g4 Nc4 22. b3 Nd6 23. Ng3 Ba6 24. Rc2 Bxd4 25. Rxc8+ Qxc8 26. Qxd4 Qc2 27. Bxa6 Rxa6 28. Qxb4 Qxa2 29. h4 Rb6 30. Qd4 Qxb3 31. Ra1 Nb5 32. Qc5 d4 33. g5 hxg5 34. hxg5 dxe3 35. Bxe3 Ne8 36. Nf5 Re6 37. Rc1 Nbd6 38. Nxd6 Nxd6 39. Kf2 Qb2+ 40. Rc2 Qb1 41. Rc1 Qd3 42. Qxa7 Nf5 43. g6 Rxg6 44. Qb8+ Kh7 45. Qh2+ Nh6 46. Qf4 Qf5 47. Qxf5 Nxf5 48. Bf4 Re6 49. Rc7 Kg8 50. Rc8+ Kh7 51. Rc7 Kg6 52. Rc1 f6 53. Rc5 Nd4 54. Be3 Nf5 55. Bf4 Ra6 56. Kg2 Nh4+ 57. Kg3 Nf5+ 58. Kg4 Ra1 59. Kh3 Nd4 60. Rc3 Ne2 61. Rc4 Kf5 62. Bd6 Ra2 63. Bh2 g5 64. Rc5+ Kg6 65. Rc4 Ra3 66. Kg2 Nc3 67. Bd6 Ra2+ 68. Kh3 Nd5 69. Rd4 Ne3 70. Rd3 Nf5 71. Bc7 Kh5 72. Bd8 Nh4 73. Bxf6 Ng6 74. Bxg5 Kxg5 75. Rd5+ Kf6 76. Kg3 Ra4 77. Rb5 Ne7 78. Rb6+ Kg5 79. Rb8 Nf5+ 80. Kf2 Ra2+ 81. Ke1 Kf4 82. Rf8 Ke3 83. Re8+ Kd3 84. Rd8+ Nd4 85. f4 Ke3 86. Re8+ Kxf4 87. Rf8+ Ke4 88. Re8+ Kd3 89. Rd8 Re2+ 90. Kf1 Re7 91. Kf2 Rf7+ 92. Kg3 Ke4 93. Re8+ Kd5 94. Rd8+ Ke4 95. Re8+ Kd5 96. Rd8+ Ke4 1/2-1/2


[Site "Internet"]

[Event "Chessable Masters - Torneo preliminare"]
[White "Pap, Gyula"]
[Black "Guseinov, Gadir"]
[WhiteFideId "725323"]
[BlackFideId "13401378"]
[WhiteElo "2563"]
[BlackElo "2632"]
[Result "1-0"]
[Round "1"]
[TimeControl "600+2"]
[Date "2023.03.13"]
[WhiteClock "0:00:14"]
[BlackClock "0:00:08"]

1. d4 Nf6 2. c3 g6 3. Bg5 Bg7 4. e3 O-O 5. Nf3 d6 6. Be2 Nbd7 7. O-O b6 8. a4 a6 9. Nbd2 Bb7 10. Re1 e5 11. dxe5 dxe5 12. e4 Qe7 13. Qc2 h6 14. Bh4 Rfe8 15. Bf1 Rad8 16. Rad1 Nc5 17. b4 Ne6 18. Nxe5 Nf4 19. Nef3 g5 20. Bg3 Nxe4 21. Nxe4 Rxd1 22. Nf6+ Bxf6 23. Rxe7 Rxf1+ 24. Kxf1 Rxe7 25. Bxf4 gxf4 26. Qd2 Be4 27. h3 Kg7 28. Kg1 Bg6 29. b5 axb5 30. axb5 Re4 31. Nd4 h5 32. Kh2 h4 33. Qd1 Be5 34. Nf3 Bf6 35. Qd5 Re2 36. Kg1 Rb2 37. Qc4 Rb1+ 38. Kh2 Rb2 39. Qxc7 Rxf2 40. Qxb6 Rb2 41. Qc6 Re2 42. Qc4 Rb2 43. Qc6 Re2 44. Kg1 Re6 45. Qc4 Re4 46. Qc7 Re3 47. b6 Rxc3 48. Qxc3 Bxc3 49. b7 Bd2 50. Nxd2 1-0


[Site "Internet"]

[Event "Chessable Masters - Torneo preliminare"]
[White "Oparin, Grigoriy"]
[Black "Golubev, Mikhail"]
[WhiteFideId "24125890"]
[BlackFideId "14100983"]
[WhiteElo "2650"]
[BlackElo "2361"]
[Result "1-0"]
[Round "1"]
[TimeControl "600+2"]
[Date "2023.03.13"]
[WhiteClock "0:07:06"]
[BlackClock "0:00:31"]

1. Nf3 d6 2. d4 Nf6 3. c4 g6 4. g3 Bg7 5. Bg2 O-O 6. O-O Nbd7 7. Nc3 e5 8. e4 Re8 9. Qc2 exd4 10. Nxd4 Nc5 11. Rd1 Qe7 12. Bg5 c6 13. Rd2 h6 14. Bf4 Nfd7 15. b4 Ne6 16. Nxe6 Qxe6 17. Bxd6 Qxc4 18. Rc1 Nb6 19. b5 cxb5 20. Bf1 Qxc3 21. Qxc3 Bxc3 22. Rxc3 Nc4 23. Bxc4 bxc4 24. Rxc4 b5 25. Rcd4 Be6 26. f3 a5 27. a3 Rac8 28. Kf2 Rc1 29. g4 Bc4 30. h4 Kg7 31. g5 hxg5 32. hxg5 f6 33. Bf4 fxg5 34. Bxg5 Rh8 35. Rd7+ Bf7 36. R2d6 Rc2+ 37. Kg3 Rhh2 38. Bf6+ Kf8 39. Rd8+ Be8 40. Re6 Kf7 41. Rdxe8 1-0


[Site "Internet"]

[Event "Chessable Masters - Torneo preliminare"]
[White "Vetoshko, Volodymyr"]
[Black "Narayanan, Srinath"]
[WhiteFideId "14122480"]
[BlackFideId "5018420"]
[WhiteElo "2457"]
[BlackElo "2482"]
[Result "1/2-1/2"]
[Round "1"]
[TimeControl "600+2"]
[Date "2023.03.13"]
[WhiteClock "0:02:14"]
[BlackClock "0:03:50"]

1. e4 c6 2. d4 d5 3. exd5 cxd5 4. Bd3 Nc6 5. c3 Nf6 6. h3 g6 7. Nf3 Bg7 8. O-O O-O 9. Bf4 Bf5 10. Re1 Bxd3 11. Qxd3 Ne4 12. Nbd2 Nxd2 13. Nxd2 Qd7 14. Re2 e6 15. Rae1 Rac8 16. h4 h5 17. Nf3 Ne7 18. Be5 Nf5 19. Bxg7 Kxg7 20. g3 Rfe8 21. Ne5 Qe7 22. Qf3 Qf6 23. Nd7 Qd8 24. Ne5 Qf6 25. Nd7 Qd8 26. Ne5 Qf6 1/2-1/2


[Site "Internet"]

[Event "Chessable Masters - Torneo preliminare"]
[White "Bok, Benjamin"]
[Black "Salgado Lopez, Ivan"]
[WhiteFideId "1017063"]
[BlackFideId "2257327"]
[WhiteElo "2608"]
[BlackElo "2554"]
[Result "1/2-1/2"]
[Round "1"]
[TimeControl "600+2"]
[Date "2023.03.13"]
[WhiteClock "0:00:05"]
[BlackClock "0:01:06"]

1. d4 Nf6 2. c4 e6 3. Nc3 Bb4 4. Qc2 d5 5. a3 Bxc3+ 6. Qxc3 h6 7. Nf3 O-O 8. Bf4 b6 9. e3 Ba6 10. b3 Nbd7 11. Be2 c5 12. dxc5 Nxc5 13. O-O dxc4 14. Bxc4 Nd5 15. Qc2 Nxf4 16. exf4 Bxc4 17. Qxc4 Qd3 18. Qxd3 Nxd3 19. g3 Rac8 20. Rfd1 Rc3 21. Nd4 Rd8 22. Nb5 Rxb3 23. Nxa7 Ra8 24. Nc6 Raxa3 25. Rxa3 Rxa3 26. Rb1 Ra2 27. Rxb6 Nxf2 28. Rb8+ Kh7 29. Nd8 Nh3+ 30. Kf1 Rf2+ 31. Ke1 Rxh2 32. Nxf7 Rg2 33. Rb3 Kg6 34. Nd8 Kf6 35. Re3 Kf5 36. Nxe6 g5 37. fxg5 hxg5 38. Kf1 Rf2+ 39. Ke1 Ra2 40. Kf1 Kg4 41. Ke1 Ra1+ 42. Kd2 Ng1 43. Re4+ Kf5 44. Re3 Ra2+ 45. Kd1 Nh3 46. Ke1 Kg4 47. Nd4 Ra1+ 48. Kd2 Nf2 49. Ne6 Ra2+ 50. Ke1 Nh1 51. Nxg5 Kxg5 52. Kd1 Kg4 53. Kc1 Nxg3 54. Re8 Kf4 55. Rf8+ Ke3 56. Re8+ Ne4 57. Re7 Rh2 58. Re8 Kd3 59. Rd8+ Kc4 60. Rc8+ Nc5 61. Kd1 Kd4 62. Rd8+ Ke3 63. Re8+ Ne4 64. Kc1 Rg2 65. Re7 Kd4 66. Rd7+ Kc4 67. Rc7+ Nc5 68. Rc8 Rf2 69. Kd1 Kd4 70. Rd8+ Kc3 71. Rc8 Kd3 72. Rd8+ Ke3 73. Re8+ Ne4 74. Kc1 Kd4 75. Rd8+ Kc4 76. Rc8+ Nc5 77. Kd1 Rf6 78. Ke2 Kd4 79. Rd8+ Kc3 80. Rc8 Kc4 81. Ke3 Re6+ 82. Kf3 Kd5 83. Rd8+ Ke5 84. Ra8 Rb6 85. Re8+ Ne6 86. Ke3 Rb3+ 87. Ke2 Rh3 88. Kd2 Kd5 89. Ra8 Ke4 90. Re8 Rh2+ 91. Kc3 Kd5 92. Ra8 Nc7 93. Rd8+ Kc5 94. Rc8 Rh3+ 95. Kd2 Rh7 96. Kd3 Rd7+ 97. Ke2 Kd4 98. Rh8 Re7+ 99. Kd2 Re4 100. Rd8+ Nd5 101. Ra8 Nb6 102. Rd8+ Kc4 103. Rb8 Na4 1/2-1/2


[Site "Internet"]

[Event "Chessable Masters - Torneo preliminare"]
[White "Cardoso Cardoso, Jose Gabriel"]
[Black "Henriquez Villagra, Cristobal"]
[WhiteFideId "4430492"]
[BlackFideId "3409350"]
[WhiteElo "2425"]
[BlackElo "2574"]
[Result "1-0"]
[Round "1"]
[TimeControl "600+2"]
[Date "2023.03.13"]
[WhiteClock "0:00:08"]
[BlackClock "0:00:14"]

1. d4 Nf6 2. c4 g6 3. Nc3 Bg7 4. e4 d6 5. Nf3 O-O 6. h3 Na6 7. Be3 e5 8. d5 Nc5 9. Nd2 a5 10. g4 c6 11. Be2 a4 12. a3 Qa5 13. Kf1 Bd7 14. h4 cxd5 15. cxd5 b5 16. g5 Nh5 17. Bxh5 gxh5 18. Qe2 Rfc8 19. Kg2 Rab8 20. Na2 Nb3 21. Nxb3 axb3 22. Nc3 Rc4 23. Qxh5 Rxc3 24. bxc3 Qxc3 25. Qf3 b2 26. Rab1 Rf8 27. Bb6 Qc2 28. h5 f5 29. gxf6 Rxf6 30. Qe3 Bh6 31. Qg3+ Kf7 32. Rhe1 Rf4 33. Be3 Qxe4+ 34. f3 Qf5 35. Bxf4 Bxf4 36. Qh4 Qc2+ 37. Qf2 Bh3+ 38. Kg1 Qf5 39. Rxb2 Qg5+ 40. Kh1 Qxh5 41. Kg1 Qg5+ 42. Kh1 Bg3 43. Rg1 Bg2+ 44. Rxg2 Qh6+ 45. Rh2 Qc1+ 46. Qg1 Qf4 47. Rxh7+ Kf6 48. Rh3 Qxf3+ 49. Rg2 1-0


[Site "Internet"]

[Event "Chessable Masters - Torneo preliminare"]
[White "Kamsky, Gata"]
[Black "Mikaelyan, Arman"]
[WhiteFideId "2000024"]
[BlackFideId "13304852"]
[WhiteElo "2630"]
[BlackElo "2456"]
[Result "0-1"]
[Round "1"]
[TimeControl "600+2"]
[Date "2023.03.13"]
[WhiteClock "0:00:48"]
[BlackClock "0:01:11"]

1. e4 c5 2. Nf3 Nc6 3. d4 cxd4 4. Nxd4 g6 5. c4 Bg7 6. Be3 Nf6 7. Nc3 O-O 8. Be2 d6 9. O-O Bd7 10. Nc2 Rc8 11. b3 Ng4 12. Bd2 f5 13. h3 Nf6 14. exf5 Bxf5 15. Ne3 Bd7 16. Rc1 Nd4 17. Ned5 Nxd5 18. Nxd5 e6 19. Ne3 Bc6 20. Bc3 Rf4 21. Bg4 Qe7 22. Nd5 exd5 23. cxd5 Bd7 24. Re1 Bxg4 25. hxg4 Qf7 26. Bd2 Rxc1 27. Qxc1 Rxf2 28. Qc8+ Bf8 29. Be3 Rc2 30. Qd8 Nf3+ 0-1


[Site "Internet"]

[Event "Chessable Masters - Torneo preliminare"]
[White "Piorun, Kacper"]
[Black "Pichot, Alan"]
[WhiteFideId "1130420"]
[BlackFideId "110973"]
[WhiteElo "2491"]
[BlackElo "2549"]
[Result "0-1"]
[Round "1"]
[TimeControl "600+2"]
[Date "2023.03.13"]
[WhiteClock "0:00:44"]
[BlackClock "0:01:48"]

1. e4 e5 2. Nf3 Nc6 3. Bb5 a6 4. Ba4 Nf6 5. O-O b5 6. Bb3 Bc5 7. c3 d6 8. d4 Bb6 9. Be3 O-O 10. h3 exd4 11. cxd4 Nxe4 12. Bd5 Qe8 13. Qc2 Nb4 14. Qxe4 Qxe4 15. Bxe4 d5 16. Bxh7+ Kxh7 17. Rc1 Nd3 18. Rc2 Bf5 19. Rd2 Ba5 20. Re2 Rfe8 21. Nc3 Nxb2 22. Nxd5 Nc4 23. Rd1 f6 24. Nf4 Rad8 25. d5 Be4 26. Bc5 g5 27. Ne6 Rxe6 28. Rd4 Rxd5 29. Rexe4 Rxe4 30. Rxd5 Kg6 31. g4 Ne5 32. Nd4 c6 33. Rd6 Bc7 34. Re6 Rxd4 35. Bxd4 Nf3+ 36. Kg2 Nxd4 37. Re7 Be5 38. Ra7 c5 39. Rxa6 c4 40. Ra8 c3 41. Rc8 c2 0-1


[Site "Internet"]

[Event "Chessable Masters - Torneo preliminare"]
[White "Paravyan, David"]
[Black "Agrest, Evgenij"]
[WhiteFideId "4194985"]
[BlackFideId "1705024"]
[WhiteElo "2598"]
[BlackElo "2576"]
[Result "1-0"]
[Round "1"]
[TimeControl "600+2"]
[Date "2023.03.13"]
[WhiteClock "0:04:57"]
[BlackClock "0:03:31"]

1. e4 c6 2. d4 d5 3. e5 Bf5 4. Nf3 e6 5. Be2 Ne7 6. O-O Nc8 7. a4 a6 8. Be3 Nd7 9. a5 Na7 10. Nbd2 c5 11. c4 Nc6 12. cxd5 exd5 13. Qa4 Bg6 14. Rfc1 cxd4 15. Nxd4 Ncxe5 16. f4 Nd3 17. Bxd3 Bxd3 18. Rc3 Bb5 19. Nxb5 axb5 20. Qxb5 Be7 21. Bb6 Qb8 22. Rc7 O-O 23. Rxd7 Bf6 24. Rf1 Qe8 25. Qxd5 Qe2 26. Qc4 Qg4 27. Rxb7 Rac8 28. Rc7 Bxb2 29. Nf3 Rce8 30. Bc5 1-0


[Site "Internet"]

[Event "Chessable Masters - Torneo preliminare"]
[White "Matamoros Franco, Carlos S."]
[Black "Tan, Zhongyi"]
[WhiteFideId "3600017"]
[BlackFideId "8603642"]
[WhiteElo "2407"]
[BlackElo "2517"]
[Result "1/2-1/2"]
[Round "1"]
[TimeControl "600+2"]
[Date "2023.03.13"]
[WhiteClock "0:07:12"]
[BlackClock "0:05:37"]

1. c4 e6 2. g3 d5 3. Bg2 Nf6 4. Nf3 d4 5. d3 c5 6. e4 dxe3 7. Bxe3 Nc6 8. O-O e5 9. Nc3 Be7 10. Ng5 O-O 11. Nge4 Nxe4 12. Nxe4 Nd4 13. Nc3 Be6 14. Rb1 Qd7 15. Nd5 Rad8 16. Bxd4 exd4 17. a3 b6 18. Re1 Rfe8 19. b4 Bd6 20. Qd2 h6 21. b5 Bxd5 22. Bxd5 Rxe1+ 23. Rxe1 Re8 1/2-1/2


[Site "Internet"]

[Event "Chessable Masters - Torneo preliminare"]
[White "Antipov, Mikhail Al."]
[Black "Sharapov, Evgeny"]
[WhiteFideId "4107012"]
[BlackFideId "14103133"]
[WhiteElo "2593"]
[BlackElo "2337"]
[Result "1-0"]
[Round "1"]
[TimeControl "600+2"]
[Date "2023.03.13"]
[WhiteClock "0:08:52"]
[BlackClock "0:09:29"]

1. e4 c5 2. Nf3 d6 3. d4 cxd4 4. Nxd4 Nf6 5. Nc3 Nc6 6. Bg5 e6 7. Qd3 Be7 8. O-O-O O-O 9. h4 Nxd4 10. Qxd4 Qa5 11. Kb1 Rd8 12. Bc4 Bd7 13. Bb3 Bc6 14. f4 Qc5 15. Qxc5 dxc5 16. e5 Nd5 17. Bxd5 Bxg5 18. Bxc6 1-0


[Site "Internet"]

[Event "Chessable Masters - Torneo preliminare"]
[White "Bachmann, Axel"]
[Black "Terry, Renato"]
[WhiteFideId "3700488"]
[BlackFideId "3803457"]
[WhiteElo "2618"]
[BlackElo "2472"]
[Result "0-1"]
[Round "1"]
[TimeControl "600+2"]
[Date "2023.03.13"]
[WhiteClock "0:00:09"]
[BlackClock "0:00:14"]

1. Nf3 d5 2. e3 Nf6 3. c4 e6 4. b3 g6 5. Bb2 Bg7 6. Be2 O-O 7. O-O c5 8. cxd5 Nxd5 9. Qc1 b6 10. Bxg7 Kxg7 11. d4 cxd4 12. Nxd4 Bb7 13. Nc3 Nd7 14. Bf3 N7f6 15. Qb2 Rc8 16. Nxd5 Bxd5 17. Rfd1 Qe7 18. Bxd5 exd5 19. Rac1 Rc5 20. b4 Rc4 21. Nc6 Qe6 22. Nxa7 Ra8 23. Nb5 Rac8 24. h3 Kg8 25. Rxc4 Rxc4 26. Nd4 Qd6 27. b5 Ne4 28. Nc6 Nc3 29. Rd4 Qc5 30. a4 Nxa4 31. Qa2 Nc3 32. Qa8+ Kg7 33. Rd2 Ne4 34. Rd1 Rc1 35. Rxc1 Qxc1+ 36. Kh2 Nxf2 37. Qe8 Qh1+ 38. Kg3 Ne4+ 39. Kf4 Qh2+ 40. Kf3 Qg3+ 0-1


[Site "Internet"]

[Event "Chessable Masters - Torneo preliminare"]
[White "Hammer, Jon Ludvig"]
[Black "Wagner, Dennis"]
[WhiteFideId "1503707"]
[BlackFideId "24650684"]
[WhiteElo "2647"]
[BlackElo "2456"]
[Result "1/2-1/2"]
[Round "1"]
[TimeControl "600+2"]
[Date "2023.03.13"]
[WhiteClock "0:01:12"]
[BlackClock "0:01:13"]

1. d4 Nf6 2. c4 e6 3. Nc3 Bb4 4. e3 O-O 5. Bd3 d5 6. Ne2 dxc4 7. Bxc4 a6 8. a3 Be7 9. e4 c5 10. e5 Nfd7 11. f4 b5 12. Ba2 cxd4 13. Nxd4 Bb7 14. O-O Nc6 15. Nxe6 fxe6 16. Bxe6+ Kh8 17. Bxd7 Bc5+ 18. Kh1 Nxe5 19. fxe5 Qxd7 20. Bf4 Qe6 21. Qe2 Bd4 22. Rad1 Bxc3 23. bxc3 Rad8 24. Rxd8 Rxd8 25. Kg1 h6 26. h3 Rc8 27. Qd3 Qc6 28. Rf2 Qe8 29. Be3 Qxe5 30. Bd4 Qg5 31. Qe2 Bd5 32. Kh2 Kg8 33. a4 bxa4 34. Qxa6 Ra8 35. Qd6 a3 36. c4 Bxc4 37. Rf3 Rd8 38. Qb6 Rd7 39. Rg3 Qf4 40. Bc3 Rd3 41. Qg6 Qxg3+ 42. Qxg3 Rxg3 43. Kxg3 Kf7 44. h4 a2 45. Kf4 g6 46. g3 Ke6 47. Ba1 Kd5 48. Ke3 Bb5 49. Bg7 Kc4 50. Kd2 Kb3 51. Ba1 Bd7 52. Bg7 Bf5 53. Ba1 Kc4 54. Bb2 Kd5 55. Ke3 Kc5 56. Ba1 Kc4 57. Kd2 Kb4 58. Bg7 Kb5 59. Ba1 Kc6 60. Bb2 Kc5 61. Ba1 Kd5 62. Ke3 Ke6 63. Kf4 Bb1 64. Bb2 Kd5 65. Ke3 g5 66. hxg5 hxg5 67. Ba1 Ke6 68. Bb2 Kf5 69. Ba1 Kg4 70. Kf2 Kh3 71. Bb2 Bf5 72. Ba1 Kh2 73. Bb2 Bg4 74. Be5 Kh3 75. Bf6 Bd1 76. Ba1 Kg4 77. Bb2 Kf5 78. Ke3 Ke6 79. Ba1 Bh5 80. Bb2 Kd5 81. Ba1 Kc4 82. Kd2 Be8 83. Bb2 Bd7 84. Ba1 Kd5 85. Ke3 Kc4 86. Kd2 Kb3 87. Bf6 Bf5 88. Ba1 Be4 89. Bf6 Bb1 90. Ba1 Kc4 91. Bh8 Kd5 92. Ke3 Kc4 93. Kd2 Kd5 94. Ke3 a1=Q 95. Bxa1 g4 96. Kf4 Ke6 97. Kxg4 Kf7 98. Kf4 Kg6 99. g4 Ba2 100. g5 Be6 101. Be5 Bf5 102. Bf6 Be6 103. Be5 Bf5 104. Bd4 Be6 105. Bc3 Bf5 106. Bb2 Be6 107. Bf6 Bf5 108. Be5 Be6 109. Bc3 Bf5 110. Be1 Be6 111. Bf2 Bf5 112. Bd4 Be6 113. Bf6 Bf5 114. Be5 Be6 115. Bf6 1/2-1/2


[Site "Internet"]

[Event "Chessable Masters - Torneo preliminare"]
[White "Haub, Thorsten Michael"]
[Black "Durarbayli, Vasif"]
[WhiteFideId "4610776"]
[BlackFideId "13402935"]
[WhiteElo "2456"]
[BlackElo "2531"]
[Result "1/2-1/2"]
[Round "1"]
[TimeControl "600+2"]
[Date "2023.03.13"]
[WhiteClock "0:00:55"]
[BlackClock "0:00:13"]

1. Nf3 c5 2. g3 b6 3. Bg2 Bb7 4. O-O Nf6 5. d3 e6 6. Nbd2 Be7 7. e4 d6 8. a4 a6 9. Ne1 Qc7 10. f4 Nc6 11. c3 h6 12. Nc2 d5 13. e5 Nd7 14. h3 g5 15. d4 gxf4 16. Rxf4 Rg8 17. Nf1 Rg7 18. Rf2 Bg5 19. Bxg5 Rxg5 20. Nce3 Ne7 21. b4 cxd4 22. cxd4 Rc8 23. Rc2 Qd8 24. Rac1 Rxc2 25. Qxc2 Nc6 26. Qd2 b5 27. a5 Qe7 28. Nc2 f6 29. exf6 Nxf6 30. Re1 Kd7 31. h4 Rg6 32. Bh3 Ne4 33. Rxe4 dxe4 34. d5 Ne5 35. dxe6+ Ke8 36. Qf4 Qf6 37. Qxf6 Rxf6 38. Nfe3 Bc8 39. Nd5 Rf3 40. Kg2 Nc4 41. Bg4 Bxe6 42. Bxe6 Rd3 43. Ne1 Rxd5 44. Bxd5 Ne3+ 45. Kf2 Nxd5 46. Nc2 h5 47. g4 hxg4 48. Kg3 e3 49. Kxg4 e2 50. Kf3 Nxb4 51. Ne1 Nc6 52. Kxe2 Nxa5 53. Kd3 Nc6 54. Nc2 Kf7 55. Ke4 Ke6 56. h5 a5 57. h6 Kf6 58. Ne3 Kg6 59. Kd5 Na7 60. Kc5 b4 61. Nc4 b3 62. Kb6 a4 63. Kxa7 Kxh6 64. Na3 Kg5 65. Kb6 Kf4 66. Kb5 Ke3 67. Kxa4 Kd3 68. Kxb3 1/2-1/2


[Site "Internet"]

[Event "Chessable Masters - Torneo preliminare"]
[White "Chigaev, Maksim"]
[Black "Kaufman, Lawrence"]
[WhiteFideId "4108116"]
[BlackFideId "2000555"]
[WhiteElo "2568"]
[BlackElo "2240"]
[Result "1-0"]
[Round "1"]
[TimeControl "600+2"]
[Date "2023.03.13"]
[WhiteClock "0:06:47"]
[BlackClock "0:00:34"]

1. e4 e5 2. Nf3 Nf6 3. d4 Nxe4 4. dxe5 d5 5. Nbd2 Nc5 6. Be2 Be7 7. O-O O-O 8. Re1 Re8 9. Nf1 c6 10. Ng3 Nba6 11. Nd4 Bf8 12. Bf1 Nc7 13. c3 g6 14. Bf4 N5e6 15. Be3 Nxd4 16. cxd4 Ne6 17. a3 a5 18. Ne2 Ng7 19. Qd2 Nf5 20. Bg5 Be7 21. Bxe7 Qxe7 22. Nc3 Be6 23. g3 h5 24. Na4 Qd8 25. Rac1 Bd7 26. Nc5 b6 27. Nxd7 Qxd7 28. Bh3 Rec8 29. Qg5 c5 30. e6 fxe6 31. Qxg6+ Kf8 32. Rxe6 1-0


[Site "Internet"]

[Event "Chessable Masters - Torneo preliminare"]
[White "Huschenbeth, Niclas"]
[Black "Alekseenko, Kirill"]
[WhiteFideId "24604747"]
[BlackFideId "4135539"]
[WhiteElo "2566"]
[BlackElo "2632"]
[Result "0-1"]
[Round "1"]
[TimeControl "600+2"]
[Date "2023.03.13"]
[WhiteClock "0:00:02"]
[BlackClock "0:00:40"]

1. e4 e5 2. Nf3 Nc6 3. Bb5 a6 4. Ba4 d6 5. Bxc6+ bxc6 6. d4 f6 7. Nc3 Ne7 8. Be3 Ng6 9. Qd2 Be7 10. O-O-O Be6 11. Kb1 Qd7 12. h3 Rb8 13. b3 h5 14. dxe5 fxe5 15. Ng5 Bxg5 16. Bxg5 O-O 17. Qe2 Nf4 18. Bxf4 Rxf4 19. f3 Ra8 20. h4 a5 21. Na4 Qe7 22. Qf2 Qf6 23. Qg3 Rb8 24. Nb2 Qf7 25. Ka1 Rf6 26. Rhf1 c5 27. Qe1 Ra8 28. Qe3 Bd7 29. a4 Be6 30. c4 Rg6 31. Rf2 Qe7 32. Rh1 Rf6 33. Ka2 Rf4 34. g3 Rf6 35. f4 exf4 36. gxf4 Bg4 37. Re1 Re8 38. e5 Rff8 39. Qg3 Qf7 40. Ref1 Qf5 41. Qe3 Rf7 42. Nd3 Rd7 43. Ka3 Rb8 44. Nb2 Rdd8 45. Qc3 Rb4 46. Nd3 Rdb8 47. Nc1 d5 48. cxd5 c4 49. Rb2 Qe4 50. Re1 Qxd5 51. Na2 Rxb3+ 0-1


[Site "Internet"]

[Event "Chessable Masters - Torneo preliminare"]
[White "Ibarra Jerez, Jose Carlos"]
[Black "Iskusnyh, Sergei"]
[WhiteFideId "2226332"]
[BlackFideId "4120027"]
[WhiteElo "2546"]
[BlackElo "2345"]
[Result "1-0"]
[Round "1"]
[TimeControl "600+2"]
[Date "2023.03.13"]
[WhiteClock "0:01:19"]
[BlackClock "0:00:35"]

1. e4 e6 2. d4 d5 3. Nc3 Nf6 4. Bg5 dxe4 5. Nxe4 Nbd7 6. Nf3 h6 7. Nxf6+ Nxf6 8. Be3 Bd6 9. Bd3 b6 10. Ne5 O-O 11. Qf3 Nd5 12. O-O-O c5 13. c4 cxd4 14. Bxd4 Bxe5 15. Bxe5 Qg5+ 16. Kb1 Qxe5 17. cxd5 exd5 18. Rhe1 Qg5 19. h4 Qxh4 20. Qxd5 Rb8 21. Bc2 Qf6 22. Qe4 g6 23. Qe7 Kg7 24. Rd6 Qxe7 25. Rxe7 Rb7 26. Rxg6+ Kh8 27. Rxh6+ Kg7 28. Rg6+ Kh8 29. Rxb7 Bxb7 30. Rg3 Re8 31. Bd3 Bd5 32. a3 Bb3 33. Kc1 a5 34. Bb5 Rc8+ 35. Rc3 Rxc3+ 36. bxc3 Kg7 37. Kd2 Kf6 38. Ke3 Ke5 39. g4 Kd5 40. g5 Kc5 41. Bd3 Kd5 42. f4 Ba2 43. Bh7 Kc4 44. Bg8 Kxc3 45. g6 fxg6 46. Bxa2 Kb2 47. Bf7 Kxa3 48. Bxg6 b5 49. f5 1-0


[Site "Internet"]

[Event "Chessable Masters - Torneo preliminare"]
[White "Girya, Olga"]
[Black "Van Foreest, Jorden"]
[WhiteFideId "4195752"]
[BlackFideId "1039784"]
[WhiteElo "2327"]
[BlackElo "2682"]
[Result "0-1"]
[Round "1"]
[TimeControl "600+2"]
[Date "2023.03.13"]
[WhiteClock "0:00:02"]
[BlackClock "0:00:21"]

1. d4 Nf6 2. Nf3 d5 3. c4 c6 4. Qb3 dxc4 5. Qxc4 Bf5 6. g3 e6 7. Bg2 Be7 8. O-O O-O 9. Nbd2 h6 10. Qb3 Qb6 11. Nc4 Qa6 12. Bf4 Be4 13. Nd6 Bxd6 14. Bxd6 Re8 15. Rfe1 Nbd7 16. Bf1 Qb6 17. Qxb6 axb6 18. Nd2 Bg6 19. e4 b5 20. f3 Red8 21. Be7 Rdc8 22. Nb3 Ne8 23. d5 exd5 24. exd5 Nc7 25. dxc6 bxc6 26. a3 Nd5 27. Bd6 N7b6 28. Rac1 Na4 29. Be5 f6 30. Bd4 Bf7 31. Nc5 Ndb6 32. Nxa4 Nxa4 33. Re7 Bd5 34. Re3 c5 35. Bc3 Rab8 36. Rd1 Bc6 37. Bh3 Re8 38. Rde1 Rxe3 39. Rxe3 Rd8 40. b3 Rd1+ 41. Kf2 Nxc3 42. Rxc3 Rd2+ 43. Ke3 Rxh2 44. Be6+ Kf8 45. Rxc5 Be8 46. Rc8 Ke7 47. Bd5 Ra2 48. Ra8 Bd7 49. Kd4 h5 50. Ra7 Rc2 51. Be4 Rc1 52. Bf5 Rd1+ 53. Kc5 g5 54. a4 bxa4 55. bxa4 Kd8 56. Bxd7 Rxd7 57. Rxd7+ Kxd7 58. a5 h4 59. gxh4 gxh4 60. a6 Kc7 61. Kd4 h3 0-1


[Site "Internet"]

[Event "Chessable Masters - Torneo preliminare"]
[White "Nguyen, Thai Dai Van"]
[Black "Oparin, Grigoriy"]
[WhiteFideId "358878"]
[BlackFideId "24125890"]
[WhiteElo "2544"]
[BlackElo "2650"]
[Result "0-1"]
[Round "2"]
[TimeControl "600+2"]
[Date "2023.03.13"]
[WhiteClock "0:00:07"]
[BlackClock "0:01:05"]

1. Nf3 Nf6 2. c4 e6 3. Nc3 d5 4. d4 Nbd7 5. Qc2 dxc4 6. e4 c5 7. d5 exd5 8. exd5 Nb6 9. Bg5 h6 10. Qe2+ Qe7 11. Bxf6 gxf6 12. Ne4 Kd8 13. d6 Qe6 14. O-O-O Qf5 15. Qe3 h5 16. Nh4 Qe6 17. g3 f5 18. Bh3 Bh6 19. f4 Qxe4 20. Qc3 Bxf4+ 21. gxf4 Qxf4+ 22. Kb1 Qh6 23. Bxf5 Re8 24. Rhf1 Be6 25. Bxe6 Qxe6 26. Rde1 Nd5 27. Qg3 Ne3 28. Rf4 Qxd6 29. Qg5+ f6 30. Qxf6+ Qxf6 31. Rxf6 Kc7 32. Rh6 Ng4 33. Rh7+ Kc6 34. Rg1 Rh8 35. Rxh8 Rxh8 36. h3 Nf2 37. Rg3 Rf8 38. Ng6 Re8 39. Rf3 Nd3 40. b3 Kb5 41. a3 Re2 42. bxc4+ Kxc4 43. Nh4 Kc3 44. Nf5 c4 0-1


[Site "Internet"]

[Event "Chessable Masters - Torneo preliminare"]
[White "Bindrich, Falko"]
[Black "Nguyen, Ngoc Truong Son"]
[WhiteFideId "4676670"]
[BlackFideId "12401110"]
[WhiteElo "2548"]
[BlackElo "2585"]
[Result "1/2-1/2"]
[Round "2"]
[TimeControl "600+2"]
[Date "2023.03.13"]
[WhiteClock "0:03:24"]
[BlackClock "0:02:20"]

1. d4 Nf6 2. c4 e6 3. Nc3 Bb4 4. Qc2 d5 5. cxd5 exd5 6. Bg5 c6 7. e3 h6 8. Bh4 Be6 9. Bd3 Bd6 10. Nf3 Nbd7 11. Bg3 Bxg3 12. hxg3 O-O 13. O-O-O a5 14. Kb1 b5 15. Nd2 Qb6 16. Rc1 a4 17. Ne2 Rfc8 18. Bf5 c5 19. Bxe6 fxe6 20. Qg6 Nf8 21. dxc5 Rxc5 22. Qd3 Rac8 23. Rxc5 Rxc5 24. Rc1 Ng4 25. Rxc5 Qxc5 26. Qd4 Qxd4 27. Nxd4 Nxf2 28. Nxb5 Nd7 29. Kc2 Kf7 30. Nc3 Nb6 31. b3 axb3+ 32. Kxb3 Ke7 33. Kb4 Kd6 34. Nb5+ Kd7 35. a4 Nd3+ 36. Ka5 Nc8 37. Nd4 e5 38. Nc2 Nd6 39. Kb6 Nc8+ 40. Kb5 Nd6+ 41. Kb6 Nc8+ 42. Kb5 Nd6+ 43. Kb6 1/2-1/2


[Site "Internet"]

[Event "Chessable Masters - Torneo preliminare"]
[White "Artemiev, Vladislav"]
[Black "Paravyan, David"]
[WhiteFideId "24101605"]
[BlackFideId "4194985"]
[WhiteElo "2735"]
[BlackElo "2598"]
[Result "1-0"]
[Round "2"]
[TimeControl "600+2"]
[Date "2023.03.13"]
[WhiteClock "0:00:12"]
[BlackClock "0:00:04"]

1. c4 c5 2. Nf3 Nf6 3. g3 d5 4. cxd5 Nxd5 5. Bg2 Nc6 6. d4 cxd4 7. Nxd4 Ndb4 8. Nxc6 Qxd1+ 9. Kxd1 Nxc6 10. Nc3 Bf5 11. Bxc6+ bxc6 12. f3 O-O-O+ 13. Ke1 e5 14. Be3 Kb7 15. Kf2 Be6 16. Rhd1 Be7 17. Ne4 Rd5 18. Rdc1 f5 19. Nc5+ Bxc5 20. Bxc5 Rhd8 21. Bb4 a5 22. Bc3 a4 23. Re1 Rc5 24. a3 Bb3 25. h4 g6 26. Rac1 Rdd5 27. e4 fxe4 28. Rxe4 Rd3 29. Rce1 Bd1 30. R1e3 Rxe3 31. Rxe3 Bb3 32. g4 h5 33. Kg3 Kc8 34. Bxe5 Rc4 35. Rd3 Rc5 36. Bf6 Bd5 37. Rd4 Rc4 38. gxh5 Rxd4 39. h6 Rd3 40. h7 Rxf3+ 41. Kg4 1-0


[Site "Internet"]